 Dungeon Crawl Stone Soup version 0.29.1-15-g9cfb28693d (webtiles) character file.

Game seed: 5178417944316489950

290 Mickster the Chopper (level 6, -1/56 HPs)
             Began as a Hill Orc Berserker on Apr 7, 2023.
             Was a Believer of Trog.
             Slain by a gnoll
             ... wielding a +0 halberd
              (5 damage)
             ... on level 4 of the Dungeon.
             The game lasted 00:17:13 (1734 turns).

Mickster the Chopper (Hill Orc Berserker)           Turns: 1734, Time: 00:17:13

Health: -1/56      AC:  5    Str: 22    XL:     6   Next: 32%
Magic:  6/6        EV: 11    Int:  7    God:    Trog [**....]
Gold:   152        SH:  0    Dex: 10    Spells: 5/5 levels left

rFire   . . .      SeeInvis +   k - +4 short sword (speed)
rCold   . . .      Faith    .   (no shield)
rNeg    . . .      Spirit   .   m - +0 ring mail
rPois   .          Reflect  .   (no helmet)
rElec   .          Harm     .   (no cloak)
rCorr   .          Rampage  .   (no gloves)
Will    ++...                   (no boots)
Stlth   ..........              e - amulet of the acrobat
HPRegen 1.18/turn               g - ring of see invisible
MPRegen 0.10/turn               (no ring)

@: strong-willed, on berserk cooldown, regenerating, slowed, very slow
A: no striking features
a: Renounce Religion, Berserk, Trog's Hand


You were on level 4 of the Dungeon.
You worshipped Trog.
Trog was pleased with you.
You visited 1 branch of the dungeon, and saw 4 of its levels.

You collected 152 gold pieces.

Inventory:

Hand Weapons
 a - a +0 hand axe of venom
 k - a +4 short sword of speed (weapon)
 p - a +0 sling
Missiles
 d - 3 poisoned darts
 f - 13 stones
 n - 5 atropa-tipped darts (quivered)
Armour
 b - a +0 animal skin
 c - a +0 leather armour
 m - a +0 ring mail (worn)
Jewellery
 e - an amulet of the acrobat (around neck)
 g - a ring of see invisible (left hand)
Scrolls
 h - a scroll of blinking
Potions
 i - a potion of curing
 j - 2 potions of mutation {unknown}
 o - a potion of invisibility {unknown}
 q - a potion of cancellation {unknown}


   Skills:
 + Level 5.3 Fighting
 * Level 1.4 Short Blades
 - Level 6.2 Axes
 + Level 0.3 Throwing
 + Level 3.2 Armour
 + Level 2.4 Dodging


You had 5 spell levels left.
You didn't know any spells.
Your spell library was empty.

Dungeon Overview and Level Annotations

Branches:
Dungeon (4/15)             Temple (0/1) D:4

Altars:


Message History

Your skin crawls.
You feel strong-willed.
The gnoll shouts!
A gnoll comes into view. It is wielding a +0 club.
You feel the effects of Trog's Hand fading.
Your skin crawls.
You feel strong-willed.
The gnoll hits you from afar with a +0 halberd!
It was a potion of curing.
You feel better. The gnoll closely misses you.
The gnoll hits you from afar with a +0 spear.
The gnoll closely misses you.
You hit the gnoll.
The gnoll is moderately wounded.
The gnoll barely misses you.
The gnoll hits you from afar with a +0 spear.
The gnoll barely misses you.
You hit the gnoll.
The gnoll is severely wounded.
The gnoll closely misses you.
The gnoll hits you from afar with a +0 halberd!
The gnoll hits you from afar with a +0 spear.
* * * LOW HITPOINT WARNING * * *
The gnoll barely misses you.
You hit the gnoll.
The gnoll is severely wounded.
The gnoll closely misses you. The gnoll barely misses you.
The gnoll hits you from afar with a +0 spear.
* * * LOW HITPOINT WARNING * * *
The gnoll barely misses you.
You puncture the gnoll!
You kill the gnoll!
Trog accepts your kill.
The gnoll hits you from afar with a +0 halberd.
* * * LOW HITPOINT WARNING * * *
The gnoll hits you but does no damage.
You closely miss the gnoll. The gnoll barely misses you. x3
You hit the gnoll but do no damage. The gnoll hits you with a +0 club.
* * * LOW HITPOINT WARNING * * *
The gnoll hits you from afar with a +0 halberd.
You die...

##..#......#####........#,,,,*,,,
##..####'##.............#,,,,*,,,
........<.'.............#,<,,*,,,
...<....†.#.....#########,,,,*,,,
..........#.....').....#****+*,,,
##+####..##.....#.)....#,,,,,,,,,
**,,**#..#......#.)....#,,,,,,,,,
*,,,,+...#......########,,,,,,,,,
*,,,,#...#.....g@.......,,,,,,,,,
*,,,,#...#.........$..$.,,,,,,,,,
*,,,,#...#......gg......******,,,
*,,,,*,,,#..............*,,,,*,,,
*,,,,*,,,#..............*,,,,*,,,
*********#..............*,,,,*,,,
,,,,,,,,.........⌠......*,,,,*,,,
,,,,,,,,................+,,,,*,,,
,,,,,,,,,,,,,,,⌠,>,⌠,,,,******,,,


You could see 3 gnolls.

Vanquished Creatures
  Sigmund (D:2)
  Natasha (D:2)
  4 gnolls (D:4)
  4 adders
  2 ball pythons
  3 endoplasms
  2 giant cockroaches (D:3)
  5 goblins
  3 hobgoblins
  7 quokkas
  2 bats
  2 frilled lizards
  6 kobolds
  3 rats
45 creatures vanquished.

Notes
Turn   | Place    | Note
-------+----------+-------------------------------------------
     0 | D:1      | Mickster the Hill Orc Berserker began the quest for the
                  | Orb.
     0 | D:1      | Reached XP level 1. HP: 19/19 MP: 1/1
   266 | D:1      | Reached XP level 2. HP: 24/27 MP: 2/2
   835 | D:2      | Noticed Sigmund
   844 | D:2      | Killed Sigmund
   845 | D:2      | Reached skill level 6 in Axes
   845 | D:2      | Reached XP level 3. HP: 35/35 MP: 3/3
   845 | D:2      | Reached XP level 4. HP: 41/41 MP: 4/4
   845 | D:2      | Reached XP level 5. HP: 47/47 MP: 5/5
  1128 | D:2      | Reached skill level 5 in Fighting
  1309 | D:2      | Found a faded altar of an unknown god.
  1400 | D:2      | Noticed Natasha
  1407 | D:2      | Killed Natasha
  1408 | D:2      | Reached XP level 6. HP: 56/56 MP: 6/6
  1486 | D:3      | Reached skill level 1 in Short Blades
  1558 | D:3      | Reached ** piety under Trog
  1734 | D:4      | Slain by a gnoll

Illustrated notes

Levels and vault maps discovered:
D:1:      sevenhm_arrival_forest_fort_small_5, layout_basic
D:2:      layout_rooms, serial_curves, eino_curves_03, eino_curves_04,
          ebering_ecumenical_altar_abandoned, corexii_shack, uniq_natasha,
          uniq_sigmund
D:3:      layout_basic, minmay_misc_feat_four_crosses
D:4:      layout_gridville, nicolae_tso_carved_into_rock, temple_fountains

Skill      XL: |  1  2  3  4  5  6 |
---------------+-------------------+-----
Fighting       | 4 5 |  5.3
Axes           | 6 |  6.2
Dodging        | 2 |  2.4
Armour         | 3 |  3.2
Short Blades   | 1 |  1.4
Throwing       | |  0.3

Action                   |  1- 3 |  4- 6 || total
-------------------------+-------+-------++-------
Melee: Hand axe          |    37 |    15 ||    52
       Short sword       |       |    59 ||    59
Throw: Dart              |     2 |       ||     2
Invok: Berserk           |     1 |     2 ||     3
       Trog's Hand       |       |     2 ||     2
  Use: Scroll            |     4 |     2 ||     6
       Potion            |       |     1 ||     1
Armor: Leather armour    |    12 |     9 ||    21
       Animal skin       |     1 |       ||     1
       Ring mail         |       |     8 ||     8
Dodge: Dodged            |    36 |    68 ||   104
